 Dungeon Sprint DCSS version 0.17-a0-2002-g92c7e20 (webtiles) character file.

12696 Kidiri the Unseen (level 11, -6/47 HPs)
             Began as a Spriggan Enchanter on Oct 8, 2015.
             Was the Champion of Dithmenos.
             Killed from afar by an ice dragon (53 damage)
             ... with a blast of cold
             ... in the Dungeon (Sprint III: "The Ten Rune Challenge").
             The game lasted 00:20:23 (3400 turns).

Kidiri the Unseen (Spriggan Enchanter)              Turns: 3400, Time: 00:20:24

Health: -6/47      AC:  4    Str:  4    XL:     11   Next: 65%
Magic:  12/29      EV: 32    Int: 19    God:    Dithmenos [******]
Gold:   45         SH:  0    Dex: 18    Spells: 8 memorised, 13 levels left

rFire  . . .     SeeInvis +     a - +1 dagger
rCold  . . .     Clarity  +     b - +1 robe
rNeg   . . .     SustAt   .     (shield restricted)
rPois  .         Gourm    .     (helmet restricted)
rElec  .         Spirit   .     n - +0 cloak
rCorr  .         Warding  .     (gloves unavailable)
rMut   .         NoTele   +     (boots unavailable)
MR     +....                    (no amulet)
Stlth  ++++++++++               (no ring)
                                (no ring)

@: wreathed by umbra, very quick, somewhat resistant to hostile enchantments,
uncannily stealthy
A: unfitting armour, see invisible, clarity, herbivore 3, speed 3, mutation
resistance 1, slow metabolism 2, subdued magic 1
a: Shadow Step, Shadow Form, Renounce Religion


You were in the Dungeon.
You worshipped Dithmenos.
Dithmenos was exalted by your worship.
You were full.

You visited 1 branch You collected 45 gold pieces.

Inventory:

Hand Weapons
 a - a +1 dagger (weapon)
Missiles
 m - 10 throwing nets (quivered)
Armour
 b - a +1 robe (worn)
 n - a +0 cloak (worn)
 p - an ice dragon hide
Wands
 l - a wand of confusion (31)
 v - a wand of enslavement (8)
Scrolls
 j - a scroll of blinking
 r - 3 scrolls of remove curse
 t - a scroll of torment {unknown}
Potions
 c - 2 potions of might
 e - 2 potions of curing
 f - 2 potions of heal wounds
 g - a potion of haste
 h - 2 potions of magic
 i - 2 potions of berserk rage
 o - a potion of brilliance {unknown}
 s - 3 potions of cure mutation
 u - 2 potions of cancellation {unknown}
Comestibles
 d - a bread ration
 k - 24 royal jellies
 B - 6 fruits


   Skills:
 * Level 12.5 Short Blades
 + Level 5.9 Armour
 * Level 15.7 Dodging
 * Level 16.9 Stealth
 * Level 13.6 Spellcasting
 + Level 6.0 Conjurations
 + Level 10.1 Hexes
 + Level 9.7 Translocations
 + Level 8.2 Transmutations
 + Level 6.3 Ice Magic
 + Level 5.3 Earth Magic
 - Level 2.8 Invocations


You had 13 spell levels left.
You knew the following spells:

 Your Spells              Type           Power        Failure   Level  Hunger
a - Corona                Hex            ####...      0%          1    None
b - Ensorcelled Hibernat  Hex/Ice        ####..       1%          2    None
c - Confuse               Hex            ####....     1%          3    None
d - Tukima's Dance        Hex            ####....     1%          3    None
e - Dazzling Spray        Conj/Hex       ####....     1%          3    None
f - Gell's Gravitas       Hex/Tloc       ####......   1%          3    None
g - Metabolic Englaciati  Hex/Ice        ####......   2%          5    ####...
h - Petrify               Trmt/Erth      ####....     1%          4    None


Dungeon Overview and Level Annotations

Branches:
Dungeon (1/1)

Altars:
Cheibriados
Dithmenos
Elyvilon
Fedhas
Gozag
Kikubaaqudgha
Makhleb
Nemelex Xobeh
Okawaru
Qazlal
Ru
Sif Muna
Trog
Vehumet
Xom
Yredelemnul
Zin
The Shining One
Jiyva
Lugonu

Shops:
D %=


Innate Abilities, Weirdness & Mutations

You are tiny and cannot use many weapons and most armour.
You have supernaturally acute eyesight.
You are a herbivore.
You cover ground extremely quickly.
You need consume almost no food.
You possess an exceptional clarity of mind.
You are somewhat resistant to further mutation.
Your spells are a little easier to cast, but a little less powerful.


Message History

The ice dragon is moderately wounded.
Casting: Dazzling Spray
Confirm with . or Enter, or press ? or * to list all spells.
Aiming: Dazzling Spray
Press: ? - help, Shift-Dir - straight line, f/p - ice dragon
Aim: an ice dragon (moderately wounded, umbra)
The spray of energy hits the ice dragon.
The ice dragon is moderately wounded.
Your shadow mimicks your spell!
The shadow shard hits the ice dragon.
Casting: Dazzling Spray
Confirm with . or Enter, or press ? or * to list all spells.
Aiming: Confuse
Press: ? - help, Shift-Dir - straight line, f/p - ice dragon
Aim: an ice dragon (moderately wounded, umbra, chance to defeat MR: 45%)
Okay, then.
The ice dragon breathes frost at you. The blast of cold hits you!
Ouch! That really hurt!
You die...

,,,,,*
♣♣.##.#####...#......#,,,,
,,,,,*
♣%....##......#♣♣♣._.#,,,,
*+*****########'######
#####+***
*,,,,,,,,,,,**#.♣♣ *,,,,
*,,,,,,,,,,,,*#♣≈♣ *,***
***********,,* ♣.♣♣ ******
*,*,, **,,,,,,,,,,,* ♣♣.♣
*,,,,* *,*,,
*,,,,,,,,,,,** ♣.♣♣ *,,,,*
*,*,, *,,********** ♣@♣♣
*,,,,* *,*,,
*,,,,,,,,,,,** ♣.%♣**,,,**
*,*,* **,,,,,,,,,,,*
♣♣.♣♣,****** *,*+*
**********,,* ♣♣D♣*,,,,≈*
*,*,, **,,,,,,,,,,,*
♣♣..♣♣♣♣♣♣,* *,*,,
*∩,,,,,,,,,,**
♣.≈≈§.§§§.,* *,,,,
*∩,***********
♣.≈≈.≈§§§.,* *****
*∩,,,,,,,,,,,*
♣%♣.≈.§§§≈≈* *,*,*
**,,,,,,,,,,,*
♣♣♣♣♣♣♣♣∩∩∩* *,,,,


You could see an ice dragon.

Vanquished Creatures
  Maud (D)
  Erolcha (D)
  2 hydras (D)
  3 ice dragons (D)
  A spriggan druid (D)
  A death drake (D)
  A lindwurm (D)
  2 spiny frogs (D)
  A deep elf priest (D)
  A komodo dragon (D)
  3 wandering mushrooms (D)
  A queen bee (D)
  2 trapdoor spiders (D)
  4 redbacks (D)
  A shadow (D)
  2 spriggans (D)
  2 hill giants (D)
  A spatial vortex (D)
  A necrophage (D)
  3 two-headed ogres (D)
  2 brain worms (D)
  A water elemental (D)
  32 killer bees (D)
  A jelly (D)
  Crazy Yiuf (D)
  A necromancer (D)
  Jessica (D)
  A wizard (D)
  3 humans (D)
  A kobold demonologist (D)
  2 swamp drake simulacra (D)
  An ooze (D)
  2 rats (D)
83 creatures vanquished.

Vanquished Creatures (others)
  2 draconian scorchers (D)
  A yaktaur (D)
  An electric eel (D)
  A plant (D)
5 creatures vanquished.

Grand Total: 88 creatures vanquished

Notes
Turn   | Place    | Note
--------------------------------------------------------------
     0 | D        | Kidiri the Spriggan Enchanter began the quest for the Orb.
     0 | D        | Reached XP level 1. HP: 9/9 MP: 5/5
     4 | D        | Reached skill level 5 in Stealth
    13 | D        | Noticed Jessica
    31 | D        | Killed Jessica
    31 | D        | Reached skill level 5 in Dodging
    31 | D        | Reached skill level 6 in Stealth
    31 | D        | Reached XP level 2. HP: 7/13 MP: 5/8
    31 | D        | Reached XP level 3. HP: 8/16 MP: 5/9
    36 | D        | Learned a level 2 spell: Ensorcelled Hibernation
    40 | D        | Learned a level 3 spell: Confuse
    44 | D        | Learned a level 3 spell: Dazzling Spray
   166 | D        | Killed a yaktaur
   169 | D        | Killed a white draconian scorcher
   220 | D        | Reached skill level 1 in Armour
   296 | D        | Noticed Crazy Yiuf
   303 | D        | Killed Crazy Yiuf
   303 | D        | Reached skill level 5 in Spellcasting
   303 | D        | Reached skill level 1 in Ice Magic
   303 | D        | Reached XP level 4. HP: 21/21 MP: 12/12
   310 | D        | Killed a white draconian scorcher
   317 | D        | Learned a level 3 spell: Tukima's Dance
   334 | D        | Gained mutation: You evolve. [potion of mutation]
   334 | D        | Gained mutation: Your spells are a little easier to cast, but a little less powerful. [potion of mutation]
   335 | D        | Gained mutation: You possess an exceptional clarity of mind. [potion of mutation]
   335 | D        | Lost mutation: You evolve. [potion of mutation]
   335 | D        | Gained mutation: You are somewhat resistant to further mutation. [potion of mutation]
   365 | D        | Noticed a water elemental
   367 | D        | Killed a water elemental
   367 | D        | Reached skill level 7 in Stealth
   367 | D        | Reached skill level 1 in Conjurations
   367 | D        | Reached skill level 5 in Hexes
   367 | D        | Reached XP level 5. HP: 24/24 MP: 14/14
   376 | D        | Noticed a jelly
   377 | D        | Noticed a shadow
   379 | D        | Killed a shadow
   379 | D        | Reached skill level 5 in Short Blades
   379 | D        | Reached skill level 8 in Dodging
   379 | D        | Reached skill level 9 in Stealth
   379 | D        | Reached XP level 6. HP: 28/28 MP: 15/17
   385 | D        | Killed a jelly
   463 | D        | Found a stormy altar of Qazlal.
   464 | D        | Found a sacrificial altar of Ru.
   464 | D        | Found a burning altar of Makhleb.
   464 | D        | Found a viscous altar of Jiyva.
   464 | D        | Found a shimmering altar of Xom.
   464 | D        | Found a shadowy altar of Dithmenos.
   464 | D        | Found a sparkling altar of Nemelex Xobeh.
   464 | D        | Found a corrupted altar of Lugonu.
   464 | D        | Found an opulent altar of Gozag.
   464 | D        | Noticed a spatial vortex
   468 | D        | Became a worshipper of Dithmenos the Shadowed
   493 | D        | Killed a spatial vortex
   493 | D        | Reached skill level 10 in Stealth
   493 | D        | Reached skill level 1 in Invocations
   606 | D        | Found a radiant altar of Vehumet.
   607 | D        | Found a deep blue altar of Sif Muna.
   607 | D        | Found an ancient bone altar of Kikubaaqudgha.
   607 | D        | Noticed a wizard
   608 | D        | Killed a wizard
   626 | D        | Learned a level 3 spell: Gell's Gravitas
   632 | D        | Learned a level 5 spell: Metabolic Englaciation
   641 | D        | Found a glowing silver altar of Zin.
   642 | D        | Found a glowing golden altar of the Shining One.
   642 | D        | Found a white marble altar of Elyvilon.
   642 | D        | Noticed a deep elf priest
   651 | D        | Killed a deep elf priest
   651 | D        | Reached XP level 7. HP: 8/32 MP: 3/19
   893 | D        | Found an iron altar of Okawaru.
   894 | D        | Found a bloodstained altar of Trog.
   894 | D        | Noticed a human
   894 | D        | Noticed a human
   896 | D        | Killed a human
   896 | D        | Reached skill level 10 in Dodging
   896 | D        | Reached skill level 11 in Stealth
   897 | D        | Killed a human
   912 | D        | Learned a level 4 spell: Petrify
   922 | D        | Found a snail-covered altar of Cheibriados.
   922 | D        | Noticed a necrophage
   923 | D        | Noticed a necromancer
   941 | D        | Killed a necrophage
   941 | D        | Reached XP level 8. HP: 30/36 MP: 4/22
   945 | D        | Killed a necromancer
   945 | D        | Acquired Dithmenos's first power
   946 | D        | Found a basalt altar of Yredelemnul.
   946 | D        | Found a blossoming altar of Fedhas.
  1120 | D        | Noticed a two-headed ogre
  1120 | D        | Noticed a two-headed ogre
  1124 | D        | Killed a two-headed ogre
  1124 | D        | Reached skill level 1 in Transmutations
  1126 | D        | Killed a two-headed ogre
  1130 | D        | Noticed a two-headed ogre
  1131 | D        | Killed a two-headed ogre
  1131 | D        | Acquired Dithmenos's second power
  1131 | D        | Reached skill level 1 in Earth Magic
  1137 | D        | Noticed a hill giant
  1140 | D        | Killed a hill giant
  1140 | D        | Reached skill level 12 in Stealth
  1247 | D        | Noticed a hill giant
  1247 | D        | Noticed Erolcha
  1249 | D        | Killed Erolcha
  1249 | D        | Reached skill level 10 in Spellcasting
  1249 | D        | Reached skill level 5 in Translocations
  1249 | D        | Reached XP level 9. HP: 39/39 MP: 22/24
  1250 | D        | Killed a hill giant
  1452 | D        | Noticed a redback
  1454 | D        | Killed a redback
  1454 | D        | Reached skill level 13 in Stealth
  1457 | D        | Noticed a trapdoor spider
  1463 | D        | Killed a trapdoor spider
  1463 | D        | Acquired Dithmenos's third power
  1500 | D        | Noticed a trapdoor spider
  1504 | D        | Killed a trapdoor spider
  1618 | D        | Noticed a killer bee
  1618 | D        | Noticed a killer bee
  1618 | D        | Noticed a killer bee
  1618 | D        | Noticed a killer bee
  1618 | D        | Noticed a killer bee
  1618 | D        | Noticed a killer bee
  1618 | D        | Noticed a killer bee
  1618 | D        | Noticed a killer bee
  1618 | D        | Noticed a killer bee
  1618 | D        | Noticed a killer bee
  1618 | D        | Noticed a killer bee
  1618 | D        | Noticed a killer bee
  1618 | D        | Noticed a killer bee
  1618 | D        | Noticed a killer bee
  1618 | D        | Noticed a killer bee
  1619 | D        | Noticed a killer bee
  1619 | D        | Noticed a killer bee
  1619 | D        | Noticed a killer bee
  1619 | D        | Noticed a killer bee
  1619 | D        | Noticed a queen bee
  1619 | D        | Noticed a killer bee
  1619 | D        | Noticed a killer bee
  1619 | D        | Noticed a killer bee
  1619 | D        | Noticed a killer bee
  1619 | D        | Noticed a killer bee
  1619 | D        | Noticed a killer bee
  1619 | D        | Noticed a killer bee
  1619 | D        | Noticed a killer bee
  1619 | D        | Noticed a killer bee
  1619 | D        | Noticed a killer bee
  1619 | D        | Noticed a killer bee
  1619 | D        | Noticed a killer bee
  1619 | D        | Noticed a killer bee
  1620 | D        | Killed a killer bee
  1622 | D        | Killed a killer bee
  1624 | D        | Killed a killer bee
  1625 | D        | Killed a killer bee
  1625 | D        | Acquired Dithmenos's fourth power
  1628 | D        | Killed a killer bee
  1630 | D        | Killed a killer bee
  1632 | D        | Killed a killer bee
  1765 | D        | Killed a killer bee
  1768 | D        | Killed a killer bee
  1772 | D        | Killed a killer bee
  1774 | D        | Killed a killer bee
  1778 | D        | Killed a killer bee
  1780 | D        | Killed a killer bee
  1802 | D        | Killed a killer bee
  1802 | D        | Reached skill level 10 in Short Blades
  1821 | D        | Killed a killer bee
  1955 | D        | Killed a killer bee
  1960 | D        | Killed a killer bee
  1963 | D        | Killed a killer bee
  1963 | D        | Reached skill level 5 in Transmutations
  1965 | D        | Killed a killer bee
  1968 | D        | Killed a killer bee
  1970 | D        | Killed a killer bee
  1972 | D        | Killed a killer bee
  1972 | D        | Reached skill level 14 in Stealth
  1974 | D        | Killed a killer bee
  1976 | D        | Killed a killer bee
  1978 | D        | Killed a killer bee
  2214 | D        | Killed a killer bee
  2218 | D        | Killed a killer bee
  2218 | D        | Reached XP level 10. HP: 44/44 MP: 21/26
  2246 | D        | Killed a queen bee
  2250 | D        | Killed a killer bee
  2347 | D        | Killed a killer bee
  2350 | D        | Killed a killer bee
  2352 | D        | Killed a killer bee
  2356 | D        | Killed a killer bee
  2473 | D        | Noticed a wandering mushroom
  2474 | D        | Noticed a wandering mushroom
  2474 | D        | Noticed a wandering mushroom
  2475 | D        | Killed a wandering mushroom
  2475 | D        | Reached skill level 5 in Ice Magic
  2477 | D        | Killed a wandering mushroom
  2478 | D        | Killed a wandering mushroom
  2516 | D        | Noticed a spiny frog
  2516 | D        | Noticed a komodo dragon
  2516 | D        | Noticed a spiny frog
  2519 | D        | Killed a spiny frog
  2827 | D        | Killed a komodo dragon
  2832 | D        | Killed a spiny frog
  2832 | D        | Reached skill level 15 in Stealth
  2832 | D        | Reached skill level 5 in Conjurations
  2845 | D        | Noticed a redback
  2847 | D        | Killed a redback
  2847 | D        | Reached skill level 5 in Armour
  2848 | D        | Noticed a brain worm
  2852 | D        | Killed a brain worm
  2859 | D        | Noticed a brain worm
  2861 | D        | Killed a brain worm
  2867 | D        | Noticed a lindwurm
  2869 | D        | Noticed a redback
  2870 | D        | Killed a lindwurm
  2872 | D        | Killed a redback
  2877 | D        | Noticed a redback
  2878 | D        | Killed a redback
  2879 | D        | Noticed Maud
  2881 | D        | Killed Maud
  2881 | D        | Reached XP level 11. HP: 47/47 MP: 28/28
  2885 | D        | Noticed an electric eel
  2886 | D        | Noticed a four-headed hydra
  2886 | D        | Noticed a four-headed hydra
  2888 | D        | Killed an electric eel
  2907 | D        | Killed a four-headed hydra
  2932 | D        | Killed a four-headed hydra
  2932 | D        | Reached skill level 16 in Stealth
  3043 | D        | Noticed a death drake
  3046 | D        | Killed a death drake
  3046 | D        | Reached skill level 15 in Dodging
  3053 | D        | Found a blossoming altar of Fedhas.
  3053 | D        | Noticed a spriggan
  3053 | D        | Noticed a spriggan druid
  3053 | D        | Noticed a spriggan
  3054 | D        | Killed a spriggan
  3061 | D        | Killed a spriggan
  3065 | D        | Killed a spriggan druid
  3065 | D        | Reached skill level 5 in Earth Magic
  3183 | D        | Noticed an ice dragon
  3195 | D        | Killed an ice dragon
  3197 | D        | Noticed an ice dragon
  3221 | D        | Killed an ice dragon
  3221 | D        | Reached skill level 10 in Hexes
  3223 | D        | Noticed an ice dragon
  3356 | D        | Noticed an ice dragon
  3364 | D        | Found Xyhutrum's Food Emporium.
  3364 | D        | Found Uluj's Jewellery Shop.
  3375 | D        | Killed an ice dragon
  3400 | D        | Killed from afar by an ice dragon

Vault maps used:
D:        dungeon_sprint_mu

Action                   |  1- 3 |  4- 6 |  7- 9 | 10-12 || total
-------------------------+-------+-------+-------+-------++-------
Melee: Dagger            |    16 |    28 |    93 |    70 ||   207
 Cast: Corona            |     2 |       |       |       ||     2
       Ensorcelled Hiber |     4 |     1 |    35 |    19 ||    59
       Dazzling Spray    |       |     8 |     6 |    20 ||    34
       Confuse           |       |     2 |     3 |     4 ||     9
       Tukima's Dance    |       |     1 |       |       ||     1
       Gell's Gravitas   |       |       |     4 |     1 ||     5
       Metabolic Englaci |       |       |     1 |       ||     1
Invok: Shadow Step       |       |       |     2 |     3 ||     5
  Use: Scroll            |       |     4 |       |       ||     4
       Potion            |       |     2 |       |       ||     2
 Stab: Sleeping          |     4 |     5 |    32 |    20 ||    61
       Invisible         |       |     1 |       |     2 ||     3
       Confused          |       |       |       |     7 ||     7
       Distracted        |       |       |       |     1 ||     1
  Eat: Bread ration      |       |       |       |     1 ||     1
